 Dungeon Crawl Stone Soup version bcrawl-1.19.1 (webtiles) character file.

Game seed: 2019269505885274938

493 mahrnol the Conjurer (level 6, -6/32 HPs)
             Began as a Skeleton Conjurer on Dec 1, 2019.
             Was a Follower of Sif Muna.
             Killed by divine providence
             ... invoked by an orc priest
              (15 damage)
             ... on level 3 of the Dungeon.
             The game lasted 00:18:48 (3392 turns).

mahrnol the Conjurer (Skeleton Conjurer)            Turns: 3392, Time: 00:18:49

Health: -6/32      AC:  2    Str: 14    XL:     6   Next: 92%
Magic:  0/15       EV: 12    Int: 16    God:    Sif Muna [*.....]
Gold:   144        SH:  3    Dex:  9    Spells: 7/17 levels left

rFire    + . .     SeeInvis .   e - +2 dagger (speed)
rCold    + + .     Gourm    .   (no shield)
rNeg     + + +     Faith    .   a - +0 robe
rPois    ∞         Spirit   +   (no helmet)
rElec    .         Reflect  +   f - scarf {rC+ rF+}
rCorr    .         Harm     .   (no gloves)
MR       +....                  (no boots)
Stlth    ++........             m - +3 amulet of reflection
HPRegen  0.10/turn              q - ring of protection from magic
MPRegen  0.14/turn              (no ring)

@: no status effects
A: no food or potions, cold resistance 1, deterioration 1, negative energy
resistance 3, powered by death 1, torment resistance, unbreathing, magic shield,
sturdy frame 1, spell healing
a: Divine Energy, Renounce Religion


You were on level 3 of the Dungeon.
You worshipped Sif Muna.
Sif Muna was aware of your devotion.
You were not hungry.

You visited 1 branch of the dungeon, and saw 3 of its levels.

You collected 144 gold pieces.

Inventory:

Hand Weapons
 e - a +2 dagger of speed (weapon)
 o - the +10 great sword "Ceyrpha" {flame, Str+3}
   (You took it off a hobgoblin on level 3 of the Dungeon)

   It has been specially enchanted to burn those struck by it, causing extra
   injury to most foes and up to half again as much damage against particularly
   susceptible opponents.
   Big, fiery blades are also staple armaments of hydra-hunters.
   It affects your strength (+3).
 p - a +2 mace of protection
Missiles
 b - 181 bolts
 c - a throwing net (quivered) {!f}
 d - 63 poisoned needles
Armour
 a - a +0 robe (worn)
 f - a scarf of resistance (worn)
Jewellery
 m - a +3 amulet of reflection (around neck)
 q - a ring of protection from magic (left hand)
Wands
 r - a wand of disintegration (18)
Scrolls
 g - a scroll of blinking {unknown}
 h - a scroll of fear {unknown}
 i - 3 scrolls of identify {unknown}
 j - 3 scrolls of remove curse {unknown}
 k - a scroll of enchant weapon {unknown}
 l - a scroll of amnesia {unknown}
 n - a scroll of teleportation {unknown}


   Skills:
 - Level 0.2 Fighting
 - Level 0.3 Short Blades
 - Level 2.0 Dodging
 + Level 3.1 Stealth
 + Level 6.1 Spellcasting
 + Level 7.6 Conjurations
 * Level 2.0 Hexes
 * Level 1.4 Invocations


You had 7 spell levels left.
You knew the following spells:

 Your Spells              Type           Power        Failure   Level  Hunger
a - Magic Dart            Conj           ####         1%          1    N/A
b - Searing Ray           Conj           ####..       1%          2    N/A
c - Iskenderun's Mystic   Conj           ####....     1%          3    N/A
d - Fulminant Prism       Conj/Hex       ###.......   19%         4    N/A

Your spell library contained the following spells:

 Spells                   Type           Power        Failure   Level  Hunger
 Irradiate                Conj/Tmut      ###.......   61%         5    N/A

Dungeon Overview and Level Annotations

Branches:
Dungeon (3/12)

Altars:
Nemelex Xobeh
Sif Muna


Innate Abilities, Weirdness & Mutations

You do not eat or drink.
You are immune to poison.
Your flesh is cold resistant. (rC+)
Your body sometimes deteriorates upon taking damage.
You are immune to negative energy. (rN+++)
You regenerate a little health from kills.
You are immune to unholy pain and torment.
You can survive without breathing.
When hurt, damage is shared between your health and your magic reserves.
Your movements are slightly less encumbered by armour. (ER -2)
Casting spells heals you.


Message History

Sif Muna accepts your kill.
The searing ray hits the rat.
You kill the rat!
Sif Muna accepts your kill.
You finish channeling your searing ray.
You hear something call down the wrath of Beogh upon you.
Beogh smites you!
The orc wizard points at you and mumbles some strange words.
The puff of frost misses you.
You see here a +0 club.
The orc wizard miscasts a cantrip.
The orc wizard gestures at you while chanting.
The puff of flame hits you! You resist.
The orc wizard casts a spell.
The orc wizard seems to speed up.
The orc wizard casts a spell at you. The puff of frost hits you! You resist.
* * * LOW HITPOINT WARNING * * *
Beogh smites you!
You die...

##...##....##.#.#.#
##.....#....†....#.#
w!..#..#....##.#.#.#
##.....#..####.#.#.#
.##.†.## #.#.#.#
..##.## #.#.#.#
...#.# #.....#
o.S)†# ###.### #.#
#@# ##.## #.#
##.S.## #.# ##.....#
#.# .SW.#..# #.#
##.....# #o# ##...##
#.# #.# #####
###..###{#
.......#.#


You could see an orc wizard.

Vanquished Creatures
  A phantom (D:2)
  A crimson imp (D:2)
  An orc priest (D:3)
  2 orc wizards (D:3)
  4 worker ants (D:3)
  A hound zombie (D:3)
  8 adders
  2 oozes
  3 dart slugs
  3 worms (D:3)
  3 leopard geckos
  7 orcs (D:3)
  2 bats (D:1)
  2 giant cockroaches
  6 goblins
  10 hobgoblins
  7 jackals
  3 quokkas
  A ball python (D:2)
  3 frilled lizards
  8 kobolds
  4 rats
82 creatures vanquished.

Vanquished Creatures (others)
  2 fulminant prisms (D:3)
2 creatures vanquished.

Grand Total: 84 creatures vanquished

Notes
Turn   | Place    | Note
-------+----------+-------------------------------------------
     0 | D:1      | mahrnol the Skeleton Conjurer began the quest for the Orb.
     0 | D:1      | Reached XP level 1. HP: 10/10 MP: 4/4
   106 | D:1      | Reached skill level 5 in Conjurations
   207 | D:1      | Reached XP level 2. HP: 15/15 MP: 3/6
   215 | D:1      | Learned a level 2 spell: Searing Ray
   523 | D:1      | Found a sparkling altar of Nemelex Xobeh.
   828 | D:2      | Reached XP level 3. HP: 13/19 MP: 0/8
   927 | D:2      | Reached skill level 6 in Conjurations
  1028 | D:2      | Learned a level 3 spell: Iskenderun's Mystic Blast
  1081 | D:2      | Reached XP level 4. HP: 24/24 MP: 7/10
  1244 | D:2      | Noticed a phantom
  1269 | D:2      | Killed a phantom
  1269 | D:2      | Reached skill level 5 in Spellcasting
  1269 | D:2      | Reached XP level 5. HP: 28/28 MP: 0/12
  1280 | D:2      | Found a shimmering blue altar of Sif Muna.
  1283 | D:2      | Became a worshipper of Sif Muna the Loreminder
  1372 | D:2      | Learned a level 4 spell: Fulminant Prism
  1921 | D:3      | Reached skill level 7 in Conjurations
  2117 | D:3      | Gained mutation: You regenerate a little health from kills.
                  | [Skeleton growth]
  2117 | D:3      | Reached XP level 6. HP: 22/32 MP: 1/14
  2136 | D:3      | Reached skill level 1 in Hexes
  2480 | D:3      | Identified the +10 great sword "Ceyrpha" {flame, Str+3}
  2486 | D:3      | Reached skill level 1 in Invocations
  2490 | D:3      | Reached * piety under Sif Muna
  3392 | D:3      | Killed from afar by an orc priest

Skill      XL: |  1  2  3  4  5  6 |
---------------+-------------------+-----
Conjurations   | 5 6 7 |  7.6
Spellcasting   | 4 5 6 |  6.1
Stealth        | 3 |  3.1
Hexes          | 2 |  2.0
Invocations    | 1 |  1.4
Fighting       | |  0.2
Short Blades   | |  0.3
Dodging        | |  2.0

Action                   |  1- 3 |  4- 6 || total
-------------------------+-------+-------++-------
Melee: Dagger            |     2 |     4 ||     6
 Cast: Magic Dart        |    44 |   100 ||   144
       Searing Ray       |     4 |    20 ||    24
       Fulminant Prism   |       |     2 ||     2
       Iskenderun's Myst |       |     1 ||     1
Armor: Robe              |       |     8 ||     8
Dodge: Dodged            |    10 |    33 ||    43
Block: Other             |       |     7 ||     7
       Reflection        |       |     1 ||     1
